 Dungeon Crawl Stone Soup version 0.28-a0-10-g964c8b829e (webtiles) character file.

Game seed: 8635244796899309204

6 flotson the Sneak (level 1, -1/18 HPs)
             Began as a Demonspawn Delver on July 26, 2021.
             Slain by a hound (5 damage)
             ... on level 2 of the Dungeon.
             The game lasted 00:01:09 (320 turns).

flotson the Sneak (Demonspawn Delver)                Turns: 320, Time: 00:01:10

Health: -1/18      AC:  3    Str: 12    XL:     1   Next: 75%
Magic:  1/1        EV: 11    Int: 11    God:
Gold:   14         SH:  0    Dex: 14    Spells: 0/0 levels left

rFire   . . .      SeeInvis .   a - +0 hand axe
rCold   . . .      Faith    .   (no shield)
rNeg    . . .      Spirit   .   b - +0 leather armour
rPois   .          Reflect  .   (no helmet)
rElec   .          Harm     .   (no cloak)
rCorr   .          Rampage  .   (no gloves)
Will    .....                   (no boots)
Stlth   ++........              (no amulet)
HPRegen 0.06/turn               (no ring)
MPRegen 0.07/turn               (no ring)

@: no status effects
A: no striking features
a: no special abilities


You were on level 2 of the Dungeon.
You visited 1 branch of the dungeon, and saw 4 of its levels.

You collected 14 gold pieces.

Inventory:

Hand Weapons
 a - a +0 hand axe (weapon)
Armour
 b - a +0 leather armour (worn)
 d - a +0 ring mail
Wands
 g - a wand of digging (3)
Scrolls
 c - a scroll of fog
 e - a scroll of fear
 h - a scroll of enchant armour {unknown}


   Skills:
 + Level 3.1 Fighting
 + Level 1.9 Axes
 + Level 0.3 Armour
 + Level 1.9 Dodging
 - Level 4.5 Stealth


You couldn't memorise any spells.
You didn't know any spells.
Your spell library was empty.

Dungeon Overview and Level Annotations

Branches:
Dungeon (5/15)
 Temple: D:4-7

Altars:


Message History

You see here a +0 ring mail.
d - a +0 ring mail You feel sick.
You are no longer poisoned.
Found 7 gold pieces.
Found a glowing sapphire potion.
You see here 7 gold pieces.
An endoplasm comes into view.
A black bear comes into view.
The black bear growls angrily.
You hear a shout!
Found a stone staircase leading up.
A hound comes into view.
The hound barks!
There is a stone staircase leading up here.
The hound bites you.
You climb upwards.
A goblin comes into view. It is wielding a +0 dagger.
Found a robe.
There is a stone staircase leading down here.
The hound barely misses you. The hound bites you.
* * * LOW HITPOINT WARNING * * *
Your extra speed is starting to run out.
A kobold comes into view.
It is wielding a +1 short sword of protection.
A hobgoblin comes into view.
Found a scroll labelled BAUHEE MECEYC.
Found a stone staircase leading up.
You feel yourself slow down. The hobgoblin barely misses you.
The hound bites you.
* * * LOW HITPOINT WARNING * * *
The hound closely misses you.
There is a stone staircase leading up here.
The hound stops to sniff the ground.
The hound completely misses you. The hobgoblin closely misses you.
You climb upwards.
A rat comes into view.
Found a robe.
There is a stone staircase leading down here.
The hound bites you.
You die...

#r #. ..
###. ...
##.#####.#
#...@..[.#
#..h######
#.g.#
#...#
#...#
#...#
##... #...
#...


You could see a hound and a hobgoblin.

Vanquished Creatures
  An orc (D:5)
  A giant cockroach (D:4)
  A goblin (D:4)
  A ball python (D:4)
  A kobold (D:4)
5 creatures vanquished.

Notes
Turn   | Place    | Note
-------+----------+-------------------------------------------
     0 | D:5      | flotson the Demonspawn Delver began the quest for the Orb.
     0 | D:5      | Reached XP level 1. HP: 18/18 MP: 1/1
   246 | D:4      | Noticed a scorpion
   251 | D:4      | Noticed an ogre
   294 | D:4      | Noticed a black bear
   301 | D:4      | Noticed a hound
   320 | D:2      | Slain by a hound

Illustrated notes

Levels and vault maps discovered:
D:2:      layout_loops_cross, serial_shops, nicolae_shop_overgrown_old_shop,
          chequers_serial_rivers_room_b
D:3:      layout_basic, lemuel_tele_altar, zin_purify, trog_butcher_becter,
          minmay_stone_trees_small, minmay_gold_behind_fungi
D:4:      layout_cave_pools, serial_shops, nicolae_shop_waterfront
D:5:      layout_loops_ring, minmay_temple_entry_large_hall,
          wad_floor_pattern_2, grunt_ministairs_3

Action                   || total
-------------------------++-------
Melee: Hand axe          ||    23
  Use: Scroll            ||     1
       Potion            ||     1
 Stab: Sleeping          ||     2
Armor: Leather armour    ||     4
Dodge: Dodged            ||    19

Table legend: (Time is in decaauts)
 A = Elapsed time spent in this place.
 B = Non-inter-level travel time spent in this place.
 C = Inter-level travel time spent in this place.
 D = Time resting spent in this place.
 E = Time spent auto-exploring this place.
 F = Levels seen in this place.
 G = Mean time per level.
                   A        B        C        D        E       F      G
               +--------+--------+--------+--------+--------+-----+--------+
         Total |    308 |    308 |      0 |      0 |    186 |   4 |   77.0 |
       Dungeon |    308 |    308 |      0 |      0 |    186 |   4 |   77.0 |
               +--------+--------+--------+--------+--------+-----+--------+

Top non-repeatable levels by time:
     D:4: 191 daAuts
     D:5: 103 daAuts
     D:3: 12 daAuts
     D:2: 0 daAuts
